 Dungeon Crawl Stone Soup version 0.27-a0-660-g90476cec82 (webtiles) character file.

Game seed: 11413034684479343159

7427 robertstho the Protected (level 10, -4/141 HPs)
             Began as a Minotaur Berserker on Mar 16, 2021.
             Was a High Priest of Trog.
             Slain by a white ugly thing (8 damage)
             ... on level 9 of the Dungeon.
             The game lasted 00:13:14 (10841 turns).

robertstho the Protected (Minotaur Berserker)      Turns: 10841, Time: 00:13:14

Health: -4/141     AC: 19    Str: 26    XL:     10   Next: 93%
Magic:  9/9        EV:  5    Int:  5    God:    Trog [*****.]
Gold:   652        SH: 15    Dex:  6    Spells: 9/9 levels left

rFire    . . .     SeeInvis .   t - +0 war axe
rCold    . . .     Faith    .   z - +0 tower shield
rNeg     + . .     Spirit   .   p - +6 chain mail "Suobalin" {rN+ Str+2 Dex-4 Slay+5}
rPois    +         Reflect  .   (helmet restricted)
rElec    .         Harm     .   m - scarf {shadows}
rCorr    .         Rampage  .   A - +0 pair of gloves
Will     .....                  (no boots)
Stlth    ..........             (no amulet)
HPRegen  0.33/turn              o - ring of poison resistance
MPRegen  0.11/turn              (no ring)

@: berserking, very quick
A: horns 2, retaliatory headbutt
a: Renounce Religion, Berserk, Trog's Hand, Brothers in Arms


You were on level 9 of the Dungeon.
You worshipped Trog.
Trog was extremely pleased with you.
You visited 1 branch of the dungeon, and saw 9 of its levels.

You collected 652 gold pieces.

Inventory:

Hand Weapons
 t - a +0 war axe (weapon)
 x - a +2 halberd of flaming
Armour
 m - a scarf of shadows (worn)
 p - the +6 chain mail "Suobalin" (worn) {rN+ Str+2 Dex-4 Slay+5}
   (You took it off an orc on level 3 of the Dungeon)

   It affects your strength (+2).
   It affects your dexterity (-4).
   It affects your accuracy and damage with ranged weapons and melee attacks
   (+5).
   It protects you from negative energy.
 y - +0 acid dragon scales
 z - a +0 tower shield (worn)
 A - a +0 pair of gloves (worn)
Jewellery
 o - a ring of poison resistance (right hand)
Scrolls
 a - a scroll of enchant weapon {unknown}
 f - 2 scrolls of enchant armour {unknown}
 g - 4 scrolls of fog {unknown}
 h - 2 scrolls of magic mapping {unknown}
 i - a scroll of amnesia {unknown}
 l - a scroll of blinking
 q - a scroll of immolation {unknown}
 r - a scroll of fear {unknown}
 s - 2 scrolls of teleportation
 w - a scroll of vulnerability
Potions
 b - a potion of haste
 c - 6 potions of curing
 d - 2 potions of cancellation
 e - 3 potions of lignification
 j - a potion of berserk rage
 k - a potion of invisibility
 u - a potion of flight


   Skills:
 * Level 10.5 Fighting
 + Level 11.8 Axes
 * Level 11.9 Armour
 + Level 3.7 Dodging
 + Level 1.2 Stealth
 + Level 4.2 Shields


You had 9 spell levels left.
You didn't know any spells.
Your spell library was empty.

Dungeon Overview and Level Annotations

Branches:
Dungeon (9/15)             Temple (0/1) D:4
   Lair: D:8-11         Orc: D:9-12

Altars:
Ashenzari
Cheibriados
Dithmenos
Elyvilon
Qazlal
Sif Muna
Uskayaw
Wu Jian
Xom
Yredelemnul
Zin
Beogh

Shops:
D:5 (


Innate Abilities, Weirdness & Mutations

You have a pair of horns on your head.
You reflexively headbutt those who attack you in melee.


Message History

You hit the vampire mosquito. You slice the fire elemental!!
You barely miss the fire elemental. The fire elemental hits you.
The fire elemental burns you!
* * * LOW HITPOINT WARNING * * *
The vampire mosquito bites you.
* * * LOW HITPOINT WARNING * * *
The vampire mosquito draws strength from your injuries!
The deep elf pyromancer casts a spell.
The deep elf pyromancer blinks!
You block the fire elemental's attack. The white ugly thing barely misses you.
You closely miss the white ugly thing. You headbutt the white ugly thing!!
The white ugly thing is moderately wounded.
You slash the fire elemental! x2
You feel the power of Trog in you as your rage grows.
You destroy the fire elemental!
You hit the vampire mosquito. The vampire mosquito bites you.
* * * LOW HITPOINT WARNING * * *
The vampire mosquito draws strength from your injuries!
You block the fire elemental's attack. The vampire mosquito bites you.
* * * LOW HITPOINT WARNING * * *
You slash the vampire mosquito!
You destroy the vampire mosquito!
Trog accepts your kill. Something appears at your feet!
You see here a +4 broad axe.
Trog grants you a weapon!
You completely miss the white ugly thing.
You slash the fire elemental!
You destroy the fire elemental!
You closely miss the fire elemental. The fire elemental hits you.
The fire elemental burns you!
* * * LOW HITPOINT WARNING * * *
The white ugly thing pecks you but does no damage.
You block the fire elemental's attack.
The deep elf pyromancer gestures wildly while chanting.
The deep elf pyromancer blinks!
You closely miss the white ugly thing.
The white ugly thing is moderately wounded.
You miss the fire elemental. You barely miss the fire elemental.
The white ugly thing pecks you!
You die...

#...............#....##........
#....).###.........#####.......
.##......#.##.......## ####...
....)(...#..##......# #...
.........#...##..####+#### #...
.........#....##.#.......# #...
.........#[....###○⌠...⌠.##+####.
.........#$?....##e...⌠..##.888#.
....####.##$...u@EE..⌠...#8../.'.
.... .#$!e..E##..⌠....##.888##
?....# #.⌠...⌠.##'#### ....#
#.......#...# ...# ####'####..##
..# #..).'.#.# .# ##...#####
#####


You could see a white ugly thing, 2 deep elf pyromancers and 3 fire elementals.

Vanquished Creatures
  The ghost of Lobster4 the Vexing, a novice GnAM of Okawaru (D:8)
  A cyclops (D:9)
  Maggie (D:8)
  2 komodo dragons (D:9)
  A troll (D:9)
  A slime creature (D:9)
  Prince Ribbit (D:8)
  A vampire (D:7)
  Sigmund (D:3)
  2 yaks (D:9)
  Eustachio (D:4)
  A vampire mosquito (D:9)
  Menkaure (D:4)
  2 water moccasins
  An ice beast (D:9)
  2 black bears (D:9)
  The ghost of sahdkjhfkaj the Skirmisher, an amateur DgFi (D:3)
  2 centaurs
  4 ogres
  A phantom (D:5)
  7 kobold brigands
  4 bullfrogs
  4 scorpions
  A water moccasin skeleton (D:4)
  10 killer bees (D:8)
  5 wights
  A howler monkey (D:4)
  2 bullfrog zombies
  7 hounds
  A quasit (D:9)
  2 jellies
  2 iguanas
  4 orc priests
  2 bullfrog skeletons
  2 centaur skeletons
  4 orc wizards
  7 worker ants
  A killer bee zombie (D:5)
  A hound zombie (D:6)
  2 hound skeletons
  2 worker ant zombies
  5 gnolls
  6 adders
  A shadow imp (D:7)
  2 white imps
  3 ufetubi
  6 oozes
  2 adder skeletons (D:8)
  4 worms (D:3)
  2 dart slugs (D:2)
  8 leopard geckos
  35 orcs
  4 giant cockroaches
  A goblin (D:1)
  8 hobgoblins
  18 jackals
  4 quokkas
  A ball python (D:2)
  6 bats
  5 frilled lizards
  9 kobolds
  6 rats
235 creatures vanquished.

Vanquished Creatures (others)
  24 fungi
  19 plants
43 creatures vanquished.

Grand Total: 278 creatures vanquished

Notes
Turn   | Place    | Note
-------+----------+-------------------------------------------
     0 | D:1      | robertstho the Minotaur Berserker began the quest for the
                  | Orb.
     0 | D:1      | Reached XP level 1. HP: 19/19 MP: 0/0
   538 | D:1      | Reached XP level 2. HP: 23/27 MP: 1/1
  1054 | D:1      | Reached XP level 3. HP: 13/34 MP: 2/2
  1296 | D:1      | Reached ** piety under Trog
  1724 | D:2      | Found a broken altar of Ashenzari.
  1756 | D:2      | Found a faded altar of an unknown god.
  1905 | D:2      | Found a snail-covered altar of Cheibriados.
  2210 | D:3      | Noticed Sigmund
  2224 | D:3      | Killed Sigmund
  2225 | D:3      | Reached skill level 5 in Fighting
  2225 | D:3      | Reached skill level 5 in Axes
  2225 | D:3      | Reached XP level 4. HP: 36/42 MP: 3/3
  2225 | D:3      | Reached XP level 5. HP: 42/49 MP: 4/4
  2629 | D:3      | Found an ornate altar of the Wu Jian Council.
  2705 | D:3      | Found a stormy altar of Qazlal.
  2878 | D:3      | Found a runed translucent gate.
  2879 | D:3      | Found a runed translucent gate.
  2879 | D:3      | Noticed sahdkjhfkaj's ghost (amateur DgFi)
  2880 | D:3      | Found a runed translucent gate.
  2880 | D:3      | Identified the +6 chain mail "Suobalin" {rN+ Str+2 Dex-4
                  | Slay+5}
  3021 | D:3      | Found a glowing silver altar of Zin.
  3072 | D:3      | Reached XP level 6. HP: 56/57 MP: 5/5
  3482 | D:3      | Killed sahdkjhfkaj's ghost
  3809 | D:4      | Found a hide-covered altar of Uskayaw.
  3846 | D:4      | Reached *** piety under Trog
  3847 | D:4      | Reached skill level 5 in Armour
  4009 | D:4      | Reached XP level 7. HP: 50/63 MP: 6/6
  4079 | D:4      | Found a shimmering blue altar of Sif Muna.
  4222 | D:4      | Found a staircase to the Ecumenical Temple.
  4246 | D:4      | Noticed Menkaure
  4256 | D:4      | Killed Menkaure
  4502 | D:4      | Noticed Eustachio
  4516 | D:4      | Killed Eustachio
  4517 | D:4      | Reached XP level 8. HP: 55/71 MP: 7/7
  4671 | D:4      | Found a shadowy altar of Dithmenos.
  5256 | D:5      | Entered Level 5 of the Dungeon
  5636 | D:5      | Found a basalt altar of Yredelemnul.
  5899 | D:5      | Found Quschyri's Weapon Shop.
  6273 | D:6      | Reached **** piety under Trog
  6446 | D:6      | Reached skill level 1 in Stealth
  6658 | D:6      | Found a white marble altar of Elyvilon.
  6706 | D:6      | Found a shimmering altar of Xom.
  7217 | D:7      | Reached XP level 9. HP: 74/81 MP: 8/8
  8263 | D:8      | Noticed Maggie
  8277 | D:8      | Killed Maggie
  8669 | D:8      | Reached skill level 10 in Axes
  8944 | D:8      | Reached ***** piety under Trog
  8945 | D:8      | Reached skill level 10 in Armour
  9005 | D:8      | Noticed a komodo dragon
  9274 | D:8      | Found a runed translucent gate.
  9276 | D:8      | Found a runed translucent gate.
  9276 | D:8      | Noticed Lobster4's ghost (novice GnAM)
  9277 | D:8      | Found a runed translucent gate.
  9674 | D:8      | Noticed Prince Ribbit
  9685 | D:8      | Killed Prince Ribbit
  9903 | D:8      | Reached skill level 1 in Shields
  9909 | D:8      | Reached XP level 10. HP: 56/91 MP: 9/9
 10670 | D:8      | Killed Lobster4's ghost
 10671 | D:8      | Reached skill level 10 in Fighting
 10824 | D:9      | Noticed a deep elf pyromancer
 10825 | D:9      | Noticed a cyclops
 10825 | D:9      | Noticed a deep elf pyromancer
 10826 | D:9      | Noticed a white ugly thing
 10833 | D:9      | Killed a cyclops
 10839 | D:9      | HP: 7/141 [vampire mosquito (6)]
 10840 | D:9      | Received a gift from Trog
 10841 | D:9      | Slain by a white ugly thing

Illustrated notes

Levels and vault maps discovered:
D:1:      dpeg_arrival_windows_large_door, layout_loops_corners
D:2:      layout_basic, general_overflow_altar,
          chequers_ecumenical_altar_simple, kennysheep_slug_shrine
D:3:      layout_basic, zin_treasury, nzn_wu_jian_council_hall,
          lemuel_round_altar, biasface_ghost_orc_armoury, uniq_sigmund
D:4:      layout_basic, nicolae_dithmenos_shadow_blocks,
          nicolae_uskayaw_suspiria, lemuel_doored_altar, temple_pool_b,
          minmay_misc_feat_five, uniq_eustachio, uniq_menkaure
D:5:      layout_basic, nicolae_overflow_crystal_walls, serial_shops,
          nicolae_shop_behind_doors, roderic_serpentine_path, st_stairs_4
D:6:      layout_gridville, lemuel_round_altar, elyvilon_altar_4
D:7:      layout_basic
D:8:      layout_loops_corners, gammafunk_ghost_nasty_kobolds,
          onia_ninara_dug_in_and_dangerous, uniq_prince_ribbit1, uniq_maggie
D:9:      minmay_chambers_of_sevens, layout_cave_pools,
          due_lair_maze_entry_diamond

Skill      XL: |  1  2  3  4  5  6  7  8  9 10 |
---------------+-------------------------------+-----
Fighting       | 4 5 6 7 9 10 | 10.5
Axes           | 4 5 6 9 10 11 | 11.8
Armour         | 3 5 7 8 10 11 | 11.9
Dodging        | 3 |  3.7
Stealth        | 1 |  1.2
Shields        | 1 4 |  4.2

Action                   |  1- 3 |  4- 6 |  7- 9 | 10-12 || total
-------------------------+-------+-------+-------+-------++-------
Melee: Hand axe          |    80 |    91 |    45 |       ||   216
       Headbutt          |     8 |    21 |    38 |    15 ||    82
       War axe           |       |       |   213 |   106 ||   319
Invok: Berserk           |     2 |     3 |     4 |     3 ||    12
       Trog's Hand       |       |     1 |     1 |       ||     2
       Brothers in Arms  |       |       |       |     1 ||     1
  Use: Scroll            |     2 |     6 |     6 |     3 ||    17
 Stab: Sleeping          |     1 |       |       |       ||     1
Armor: Animal skin       |     6 |       |       |       ||     6
       Chain mail        |    14 |    36 |   144 |    93 ||   287
Dodge: Dodged            |    48 |    29 |    88 |    30 ||   195
Block: Tower shield      |       |       |    57 |   102 ||   159

Table legend: (Time is in decaauts)
 A = Elapsed time spent in this place.
 B = Non-inter-level travel time spent in this place.
 C = Inter-level travel time spent in this place.
 D = Time resting spent in this place.
 E = Time spent auto-exploring this place.
 F = Levels seen in this place.
 G = Mean time per level.
                   A        B        C        D        E       F      G
               +--------+--------+--------+--------+--------+-----+--------+
         Total |  11013 |  10466 |    547 |   1329 |   7780 |   9 | 1223.7 |
       Dungeon |  11013 |  10466 |    547 |   1329 |   7780 |   9 | 1223.7 |
               +--------+--------+--------+--------+--------+-----+--------+

Top non-repeatable levels by time:
     D:8: 2026 daAuts
     D:1: 1662 daAuts
     D:7: 1530 daAuts
     D:3: 1477 daAuts
     D:4: 1422 daAuts
     D:6: 935 daAuts
     D:5: 863 daAuts
     D:2: 768 daAuts
     D:9: 328 daAuts
